 Dungeon Crawl Stone Soup version 0.31-a0-355-g57cb03d3e8 (webtiles) character file.

Game seed: 51665278110246576

593 promet the Covert (level 7, 0/47 HPs)
             Began as an Octopode Brigand on July 25, 2023.
             Was an Initiate of Ru.
             Slain by an orc
             ... wielding a +0 hand axe
              (6 damage)
             ... on level 5 of the Dungeon.
             The game lasted 00:27:48 (7777 turns).

promet the Covert (Octopode Brigand)                Turns: 7777, Time: 00:27:49

Health: 0/47       AC:  1    Str: 10    XL:     7   Next: 39%
Magic:  7/7        EV: 13    Int: 14    God:    Ru [......]
Gold:   241        SH:  0    Dex: 15    Spells: 6/6 levels left

rFire   . . .        a - +2 dagger
rCold   . . .        (no shield)
rNeg    . . .        (helmet restricted)
rPois   .            (no amulet)
rElec   .            (no ring)
rCorr   .            (no ring)
SInv    .            (no ring)
Will    .....        (no ring)
Stlth   +++++        (no ring)
HPRegen 0.27/turn    (no ring)
MPRegen 0.10/turn    (no ring)
                     (no ring)

%: no passive effects
@: brilliant
A: almost no armour, amphibious, 8 rings, camouflage 1, gelatinous body 1,
(nimble swimmer 1), tentacles, no forms
a: Renounce Religion


You were on level 5 of the Dungeon.
You worshipped Ru.
Ru was noncommittal.
You visited 1 branch of the dungeon, and saw 6 of its levels.

You collected 241 gold pieces.

Inventory:

Hand Weapons
 a - a +2 dagger (weapon)
 b - a +0 sling
 c - a +6 flail of protection
 f - a +0 short sword
 y - a +0 morningstar
Missiles
 e - 76 stones
 g - 3 curare-tipped darts
 h - 13 poisoned darts (quivered)
 x - 4 javelins
 z - 2 boomerangs
Talismans
 o - a granite talisman
Wands
 t - a wand of flame (10)
Scrolls
 i - a scroll of fear
 r - a scroll of teleportation
 s - a scroll of amnesia {unknown}
 u - 2 scrolls of identify {unknown}
 v - a scroll of brand weapon {unknown}
 A - a scroll of enchant armour {unknown}
Potions
 d - 3 potions of brilliance
 j - a potion of might {unknown}
 k - 3 potions of degeneration {unknown}
 l - 3 potions of mutation {unknown}
 m - 2 potions of haste {unknown}
 n - a potion of ambrosia {unknown}
 p - a potion of berserk rage {unknown}
 q - a potion of curing {unknown}
 w - a potion of resistance {unknown}


   Skills:
 * Level 3.7 Fighting
 + Level 4.1 Short Blades
 + Level 2.0 Ranged Weapons
 + Level 2.6 Throwing
 + Level 2.2 Dodging
 + Level 8.4 Stealth


You had 6 spell levels left.
You didn't know any spells.
Your spell library contained the following spells:

 Spells                   Type           Power      Damage    Failure   Level
 Magic Dart               Conj           0%         1d3       28%         1
 Call Imp                 Summ           0%         N/A       41%         2
 Mephitic Cloud           Conj/Pois/Air  0%         N/A       65%         3


Dungeon Overview and Level Annotations

Branches:
Dungeon (6/15)             Temple (0/1) D:5

Altars:
Gozag
Ru
Sif Muna
Vehumet

Annotations:
D:2 1 runed translucent door, Crazy Yiuf
D:5 3 runed translucent doors, KarmaticGoose's ghost, novice OpVM; LeprechaunX's ghost, novice OpSh; OldManVictorn's ghost, weakling GnDe; randomguy2701's ghost, novice HOMo
D:6 Blork the orc; Menkaure


Innate Abilities, Weirdness & Mutations

You cannot wear most types of armour.
You are amphibious.
You can wear up to eight rings at the same time.
Your skin changes colour to match your surroundings (Stealth+).
Your rubbery body absorbs attacks. (AC +1, EV +1)
((You are camouflaged when in or above water. (Stealth+)))
You have tentacles for arms and can constrict up to eight enemies at once.
You cannot voluntarily change form.


Message History

There is a stone staircase leading up here.
Press: ? - help, v - describe, . - travel
Here: Menkaure The floor.
Menkaure sighs a few words.
You catch the helpless orc wizard completely off-guard!
You impale the orc wizard!!
You kill the orc wizard!
Your Ranged Weapons skill increases to level 2!
You climb upwards.
Level annotation: 3 runed translucent doors, KarmaticGoose's ghost, novice OpVM; LeprechaunX's ghost, novice OpSh; OldManVictorn's ghost, weakling GnDe; randomguy2701's ghost, novice HOMo
There is a stone staircase leading down here.
HP restored.
You see here a +0 giant spiked club.
Things that are here:
a +0 whip; a +0 short sword; a kobold corpse
There is a stone staircase leading down here.
You climb downwards.
Level annotation: Menkaure Menkaure calls on the powers of darkness!
The orc priest convulses!
The orc priest shouts!
Your body is wracked with pain!
The gnoll convulses!
The kobold hits you with a +0 short sword.
The orc priest invokes the aid of Beogh against you.
Beogh smites you!
* * * LOW HITPOINT WARNING * * *
You hear a shout!
There is a stone staircase leading up, spattered with blood here.
The kobold hits you with a +0 short sword.
* * * LOW HITPOINT WARNING * * *
The orc hits you with a +0 hand axe.
* * * LOW HITPOINT WARNING * * *
You climb upwards.
Level annotation: 3 runed translucent doors, KarmaticGoose's ghost, novice OpVM; LeprechaunX's ghost, novice OpSh; OldManVictorn's ghost, weakling GnDe; randomguy2701's ghost, novice HOMo
There is a stone staircase leading down here.
It was a potion of brilliance.
You feel clever all of a sudden. The orc hits you with a +0 hand axe.
You die...

############### #.............#
#.............####
...............K@#
#.............##o#
#.............##)#
#.............##.#
..............##.#
..............##.#
..#####'##....##.#
..#.......######.##############
..#.......# #..............<#


You could see an orc and a kobold.

Vanquished Creatures
  Edmund (D:4)
  An ogre (D:5)
  A phantom (D:5)
  A sleepcap (D:4)
  Terence (D:2)
  An orc wizard (D:6)
  An iguana (D:5)
  4 gnolls (D:4)
  9 adders
  3 worms
  2 dart slugs
  6 orcs
  8 bats
  5 endoplasms (D:1)
  3 giant cockroaches
  14 goblins
  3 hobgoblins
  4 quokkas
  7 ball pythons
  A frilled lizard (D:1)
  13 kobolds
  3 rats (D:1)
92 creatures vanquished.

Notes
Turn   | Place    | Note
-------+----------+-------------------------------------------
     0 | D:1      | promet the Octopode Brigand began the quest for the Orb.
     0 | D:1      | Reached XP level 1. HP: 14/14 MP: 1/1
   216 | D:1      | Reached XP level 2. HP: 19/19 MP: 2/2
   701 | D:1      | Reached skill level 6 in Stealth
   829 | D:1      | Reached XP level 3. HP: 17/24 MP: 3/3
  1398 | D:2      | Noticed Terence
  1406 | D:2      | Killed Terence
  1407 | D:2      | Reached XP level 4. HP: 29/29 MP: 4/4
  1614 | D:2      | Found a radiant altar of Vehumet.
  2413 | D:2      | Reached skill level 7 in Stealth
  2693 | D:2      | Found a runed translucent door.
  2694 | D:2      | Noticed Crazy Yiuf
  2988 | D:3      | Found a sacrificial altar of Ru.
  3008 | D:3      | Became a worshipper of Ru the Awakened
  3266 | D:3      | Reached XP level 5. HP: 34/34 MP: 5/5
  3368 | D:3      | Found a faded altar of an unknown god.
  3766 | D:4      | Found an opulent altar of Gozag.
  4266 | D:4      | Found a shimmering blue altar of Sif Muna.
  4636 | D:4      | Reached XP level 6. HP: 37/41 MP: 6/6
  5338 | D:4      | Noticed Edmund
  5573 | D:4      | Killed Edmund
  5574 | D:4      | Reached skill level 8 in Stealth
  5690 | D:4      | Gained mutation: You cannot voluntarily change form. [Ru
                  | sacrifice]
  5763 | D:5      | Entered Level 5 of the Dungeon
  5958 | D:5      | Reached skill level 1 in Ranged Weapons
  5958 | D:5      | Reached XP level 7. HP: 46/46 MP: 7/7
  6105 | D:5      | Found a radiant altar of Vehumet.
  6234 | D:5      | Found a staircase to the Ecumenical Temple.
  6720 | D:5      | Found a runed translucent gate.
  6720 | D:5      | Found a runed translucent gate.
  6721 | D:5      | Found a runed translucent gate.
  6722 | D:5      | Noticed randomguy2701's ghost (novice HOMo)
  6723 | D:5      | Noticed OldManVictorn's ghost (weakling GnDe)
  6723 | D:5      | Noticed LeprechaunX's ghost (novice OpSh)
  6723 | D:5      | Noticed KarmaticGoose's ghost (novice OpVM)
  7495 | D:6      | Noticed Menkaure
  7774 | D:6      | Noticed Blork the orc
  7777 | D:5      | Slain by an orc

Illustrated notes

Levels and vault maps discovered:
D:1:      amcnicky_arrival_feature_with_door, layout_basic, minmay_octomino_c4
D:2:      layout_loops_ring, basic_altar, serial_forest,
          infiniplex_forest_end_1, infiniplex_forest_lined_3,
          infiniplex_forest_lined_room_, infiniplex_forest_lined_room_2,
          infiniplex_forest_end_1, infiniplex_forest_end_2,
          infiniplex_forest_lined_ring, infiniplex_forest_end_1,
          infiniplex_forest_lined_2, uniq_crazy_yiuf_cottage, uniq_terence
D:3:      layout_loops_cross, nicolae_ru_sacrificial_ziggurat,
          nicolae_ecumenical_lake_church, nicolae_the_louvre
D:4:      minmay_door_path, layout_loops_ring, mainiacjoe_overflow_brackets,
          mainiacjoe_overflow_boulevard, uniq_edmund
D:5:      layout_basic, mainiacjoe_overflow_six_doors_small,
          minmay_temple_entry_wispy, gammafunk_ghost_cemetery,
          minmay_misc_feat_tower
D:6:      layout_rooms, nicolae_overflow_hidden_temple, uniq_maggie,
          uniq_menkaure, uniq_blork_the_orc, uniq_grinder

Skill      XL: |  1  2  3  4  5  6  7 |
---------------+----------------------+-----
Stealth        | 6 7 8 |  8.4
Short Blades   | 3 4 |  4.1
Fighting       | 3 |  3.7
Dodging        | 2 |  2.2
Ranged Weapons | 1 2 |  2.0
Throwing       | |  2.6

Action                     |  1- 3 |  4- 6 |  7- 9 || total
---------------------------+-------+-------+-------++-------
  Melee: Dagger            |    54 |   103 |    16 ||   173
         Tentacles         |     9 |    15 |     4 ||    28
         Constrict         |     8 |    22 |     6 ||    36
         Punch             |       |     1 |       ||     1
         Flail             |       |       |     6 ||     6
   Fire: Sling             |       |    14 |    15 ||    29
  Throw: Dart              |       |    16 |     6 ||    22
 Invoke: Sacrifice Forms   |       |     1 |       ||     1
  Evoke: Wand              |       |     1 |       ||     1
    Use: Scroll            |     4 |     2 |       ||     6
         Potion            |       |       |     1 ||     1
   Stab: Sleeping          |     9 |    15 |       ||    24
         Distracted        |       |       |     1 ||     1
 Armour: Skin              |     5 |     3 |     4 ||    12
  Dodge: Dodged            |    22 |    39 |    19 ||    80

Table legend: (Time is in decaauts)
 A = Elapsed time spent in this place.
 B = Non-inter-level travel time spent in this place.
 C = Inter-level travel time spent in this place.
 D = Time resting spent in this place.
 E = Time spent auto-exploring this place.
 F = Levels seen in this place.
 G = Mean time per level.
                   A        B        C        D        E       F      G
               +--------+--------+--------+--------+--------+-----+--------+
         Total |   7763 |   7493 |    270 |   2650 |   2030 |   6 | 1293.8 |
       Dungeon |   7763 |   7493 |    270 |   2650 |   2030 |   6 | 1293.8 |
               +--------+--------+--------+--------+--------+-----+--------+

Top non-repeatable levels by time:
     D:4: 2032 daAuts
     D:5: 1990 daAuts
     D:1: 1582 daAuts
     D:2: 1247 daAuts
     D:3: 894 daAuts
     D:6: 16 daAuts
